AoeStats
← Ugomez

Coastal Forest

510391290Analyzed
3v3 RM · 22h ago on Sep 30, 2026· 27m 54s· 6 players
Game mode
Random Map
Map size
Normal (6 player)
Population
200
Speed
Normal
Resources
Standard
Victory
Conquest
Starting age
Dark Age
Ending age
Imperial Age
RankedLock teamsTeams togetherTeam positionsShared explorationLock speedFull tech treeHidden civsTurbo modeCheats
Victory
Defeat
🇪🇸 Bohemians · Spain
783
+33
🇪🇸 Spanish · Spain
774
+16
🇪🇸 Cumans · Spain
626
+22
🇹🇷 Vietnamese · Türkiye
795
-19
🇪🇸 Mongols · Spain
754
-17
🇮🇹 Britons · Italy
749
-17
rikyleroi
11:16 Feudal Age
18:34 Castle Age
17:08 Double-Bit Axe
17:24 Horse Collar
17:55 Gold Mining
18:19 Stone Mining
19:13 Padded Archer Armor
19:35 Fletching
21:04 Pikeman
Oliverness
5:21 Loom
9:34 Feudal Age
11:07 Double-Bit Axe
13:26 Horse Collar
18:44 Castle Age
16:31 Town Watch
17:29 Bloodlines
19:26 Husbandry
20:58 Town Patrol
23:52 Arson
23:30 Man-at-Arms
Norbert PICIGETO Foster
3:06 Loom
11:15 Feudal Age
11:31 Feudal Age
14:34 Man-at-Arms
16:52 Padded Archer Armor
20:18 Fletching
23:17 Double-Bit Axe
Ugomez
11:01 Feudal Age
15:35 Castle Age
15:17 Double-Bit Axe
SeTaZ
9:57 Feudal Age
17:56 Man-at-Arms
20:26 Horse Collar
20:43 Double-Bit Axe
26:03 Castle Age
Lima3
10:44 Feudal Age
10:41 Loom
11:10 Loom
25:16 Gold Mining
28:40 Castle Age
26:51 Scale Mail Armor
27:01 Forging
Connection lost

Rejoining the realm…

Still unreachable

The connection could not be restored.

Session expired

The server has moved on; the page needs a fresh start.